 Dungeon Crawl Stone Soup version 0.26.0-10-g1f06aea511 (webtiles) character file.

Game seed: 9675052850976229903

46 MajorAdolf the Vexing (level 3, -1/33 HPs)
             Began as a Naga Wanderer on Jan 16, 2021.
             Slain by a goblin (4 damage)
             ... on level 1 of the Dungeon.
             The game lasted 00:01:57 (1801 turns).

MajorAdolf the Vexing (Naga Wanderer)               Turns: 1801, Time: 00:01:57

Health: -1/33      AC:  2    Str: 12    XL:     3   Next: 68%
Magic:  4/4        EV:  9    Int: 14    God:
Gold:   101        SH:  0    Dex: 11    Spells: 3/4 levels left

rFire    . . .     SeeInvis +   e - +0 dagger
rCold    . . .     Faith    .   (no shield)
rNeg     . . .     Spirit   .   c - +0 robe
rPois    +         Reflect  .   (no helmet)
rElec    .         Harm     .   (no cloak)
rCorr    .         Rampage  .   (no gloves)
Will     .....                  (no barding)
Stlth    ++........             (no amulet)
HPRegen  0.11/turn              (no ring)
MPRegen  0.09/turn              (no ring)

@: about to teleport, very slow
A: large, see invisible, deformed body, poison resistance, slowness 2, spit
poison 1, AC +1
a: Spit Poison


You were on level 1 of the Dungeon.
You visited 1 branch of the dungeon, and saw 2 of its levels.

You collected 101 gold pieces.

Inventory:

Hand Weapons
 e - a +0 dagger (weapon)
Armour
 c - a +0 robe (worn)
Jewellery
 g - an uncursed ring of positive energy {unknown}
Wands
 m - a wand of flame (14)
Scrolls
 a - a scroll of identify {unknown}
 b - 3 scrolls of teleportation
 f - 2 scrolls of blinking {unknown}
 h - 2 scrolls of enchant weapon {unknown}
 k - a scroll of enchant armour {unknown}
 l - a scroll of fog {unknown}
Potions
 d - 3 potions of curing {unknown}
 i - a potion of invisibility {unknown}
 j - a potion of cancellation {unknown}


   Skills:
 + Level 2.6 Fighting
 - Level 1.0 Bows
 + Level 1.5 Armour
 + Level 1.0 Dodging
 - Level 3.0 Stealth
 - Level 1.0 Spellcasting
 - Level 4.0 Hexes
 + Level 0.0 Evocations


You had 3 spell levels left.
You knew the following spells:

 Your Spells              Type           Power        Failure   Level
a - Corona                Hex            12%          4%          1

Your spell library contained the following spells:

 Spells                   Type           Power        Failure   Level
 Confusing Touch          Hex            11%          16%         3
 Tukima's Dance           Hex            11%          16%         3
 Ensorcelled Hibernation  Hex/Ice        12%          17%         2
 Dazzling Flash           Conj/Hex       12%          34%         3


Dungeon Overview and Level Annotations

Branches:
Dungeon (2/15)

Altars:


Innate Abilities, Weirdness & Mutations

You cannot wear boots.
Your serpentine skin is tough. (AC +1)
You have supernaturally acute eyesight. (SInv)
Armour fits poorly on your strangely shaped body.
Your system is resistant to poisons. (rPois)
You cover ground very slowly.
You can spit poison.


Message History

The goblin hits you but does no damage. The goblin completely misses you.
The goblin closely misses you. The hobgoblin hits you with a +0 club.
The goblin hits you but does no damage. The goblin hits you.
There is an escape hatch in the ceiling here.
The goblin hits you with a +0 dagger.
* * * LOW HITPOINT WARNING * * *
The hobgoblin hits you but does no damage.
The goblin hits you.
* * * LOW HITPOINT WARNING * * *
The goblin hits you.
* * * LOW HITPOINT WARNING * * *
A mysterious force pulls you upwards. The hatch slams shut behind you.
You can't go up here!
Unknown command.
As you read the scroll of teleportation, it crumbles to dust.
You feel strangely unstable. The goblin hits you with a +0 dagger.
* * * LOW HITPOINT WARNING * * *
The hobgoblin barely misses you. The goblin hits you.
You die...

######## ########......###
##...............#
#..#..#..#..#....#
##.#..#..#..#..#..#
#....#..#..#..#.g(#
##...#..#..#..#.@g.##
....#..#..#..#.g#g..#########
....)...............#.......#
.....##.##..........#.......#
.....##.............#.......#
.....#####........###.......##
.....#
#........###....(...####
.....#
#.......(....####.#.##).
.....#####.........##.#
#.#...##


You could see a hobgoblin and 3 goblins.

Vanquished Creatures
  2 adders (D:2)
  A dart slug (D:1)
  2 leopard geckos (D:1)
  3 bats (D:1)
  3 giant cockroaches
  2 goblins
  2 hobgoblins (D:1)
  2 kobolds
  A ball python (D:2)
  3 frilled lizards
  3 rats (D:1)
24 creatures vanquished.

Notes
Turn   | Place    | Note
-------+----------+-------------------------------------------
     0 | D:1      | MajorAdolf the Naga Wanderer began the quest for the Orb.
     0 | D:1      | MajorAdolf set off with the following items: a +0 club, 2
                  | scrolls of teleportation, a +0 robe, a +0 dagger; and the
                  | following spell memorised: Corona; and the following spells
                  | available to memorise: Confusing Touch, Tukima's Dance,
                  | Ensorcelled Hibernation, Dazzling Flash
     0 | D:1      | Reached XP level 1. HP: 18/18 MP: 2/2
   447 | D:1      | Reached XP level 2. HP: 21/26 MP: 3/3
  1414 | D:2      | Reached XP level 3. HP: 18/33 MP: 4/4
  1725 | D:2      | Reached skill level 1 in Dodging
  1801 | D:1      | Slain by a goblin

Illustrated notes

Levels and vault maps discovered:
D:1:      onia_arrival_pentagram, layout_basic, minmay_misc_feat_diagonals,
          glass_columns_b
D:2:      layout_basic, tgw_trog, minmay_goblin_outpost, uniq_robin,
          uniq_terence

Skill      XL: |  1  2  3 |
---------------+----------+-----
Fighting       | 2 |  2.6
Dodging        | 1 |  1.0
Bows           | |  1.0
Armour         | |  1.5
Stealth        | |  3.0
Spellcasting   | |  1.0
Hexes          | |  4.0

Action                   || total
-------------------------++-------
Melee: Club              ||    45
       Dagger            ||    37
 Cast: Corona            ||     1
 Abil: Spit Poison       ||    14
  Use: Scroll            ||     1
 Stab: Sleeping          ||     3
Armor: Robe              ||    33
Dodge: Dodged            ||    74
